 Dungeon Crawl Stone Soup version 0.28-b1-25-g9875b3fc8c (webtiles) character file.

Game seed: 17202325295948388777

270 pkoi the Shooter (level 6, -12/50 HPs)
             Began as a Minotaur Hunter on Feb 1, 2022.
             Killed from afar by Pikel (15 damage)
             ... with an iceblast
             ... on level 5 of the Dungeon.
             The game lasted 00:04:40 (5701 turns).

pkoi the Shooter (Minotaur Hunter)                  Turns: 5701, Time: 00:04:41

Health: -12/50     AC:  7    Str: 21    XL:     6   Next: 1%
Magic:  5/5        EV: 12    Int:  8    God:
Gold:   132        SH:  0    Dex: 12    Spells: 5/5 levels left

rFire   . . .      SeeInvis .   b - +0 mace (venom)
rCold   + + .      Faith    .   (no shield)
rNeg    . . .      Spirit   .   f - +3 leather armour {rC+}
rPois   +          Reflect  .   (helmet restricted)
rElec   .          Harm     +   e - scarf {harm}
rCorr   .          Rampage  .   l - +0 pair of gloves
Will    .....                   (no boots)
Stlth   ++........              (no amulet)
HPRegen 0.16/turn               h - ring of protection from cold
MPRegen 0.09/turn               (no ring)

@: no status effects
A: horns 2, retaliatory headbutt, poison resistance, strong 2
a: no special abilities


You were on level 5 of the Dungeon.
You visited 1 branch of the dungeon, and saw 5 of its levels.

You collected 132 gold pieces.

Inventory:

Hand Weapons
 a - a +1 shortbow
 b - a +0 mace of venom (weapon)
 m - a +0 short sword
Missiles
 d - 14 arrows
Armour
 e - a scarf of harm (worn)
 f - a +3 leather armour of cold resistance (worn)
 l - a +0 pair of gloves (worn)
Jewellery
 h - a ring of protection from cold (left hand)
Wands
 k - a wand of polymorph (3)
 n - a wand of charming (9)
Scrolls
 g - a scroll of holy word
 i - 6 scrolls of identify
 j - a scroll of amnesia


   Skills:
 - Level 2.4 Fighting
 * Level 6.4 Bows
 + Level 3.3 Dodging
 + Level 2.6 Stealth
 + Level 1.3 Evocations


You had 5 spell levels left.
You didn't know any spells.
Your spell library contained the following spells:

 Spells                   Type           Power      Damage    Failure   Level
 Sublimation of Blood     Necr           0%         N/A       58%         2
 Petrify                  Tmut/Erth      0%         N/A       99%         4
 Irradiate                Conj/Tmut      0%         3d13      100%        5


Dungeon Overview and Level Annotations

Branches:
Dungeon (5/15)
 Temple: D:4-7

Altars:
Hepliaklqana
Sif Muna

Shops:
D:3 =

Annotations:
D:3 2 transporters, JerBear56's ghost, amateur GnFi
D:5 Pikel


Innate Abilities, Weirdness & Mutations

You have a pair of horns on your head.
You reflexively headbutt those who attack you in melee.
Your system is resistant to poisons. (rPois)
Your muscles are very strong. (Str +4)


Message History

Pikel zaps a wand.
The mass of ice explodes!
The iceblast engulfs you! You partially resist.
There is a stone staircase leading up here.
Unknown command.
You climb upwards.
There is a stone staircase leading down here.
You start resting.
HP restored.
You climb downwards.
Level annotation: Pikel
There is a stone staircase leading up here.
Unknown command.
Pikel zaps a wand.
The mass of ice explodes!
The iceblast engulfs you! You partially resist. Pikel waves his whip at you.
Pikel hits you with a +1 whip of flaming.
Pikel burns you.
Unknown command.
You hit Pikel but do no damage.
Pikel is poisoned.
Pikel hits you with a +1 whip of flaming!
Pikel burns you.
* * * LOW HITPOINT WARNING * * *
An orc comes into view. It is wielding a +0 dagger.
Pikel hits you but does no damage.
You closely miss Pikel. Pikel barely misses you.
You completely miss Pikel. Your headbutt misses Pikel.
Pikel is lightly wounded.
Pikel closely misses you. The orc hits you with a +0 dagger.
* * * LOW HITPOINT WARNING * * *
Pikel barely misses you. You furiously retaliate!
You headbutt Pikel, but do no damage.
An orc wizard comes into view. It is wielding a +0 dagger.
The orc hits you but does no damage.
Pikel zaps a wand.
The mass of ice explodes!
The iceblast engulfs you! You partially resist.
* * * LOW HITPOINT WARNING * * *
The iceblast engulfs the orc!
The orc dies!
Pikel zaps a wand.
The mass of ice explodes!
The iceblast engulfs you! You partially resist.
You die...

.5##5 #..#.# ...K
#..#.# # #o. .....
#.##$##.# #..#
#.......#####..#
#..#...oo..o...#
#########...###...
#########)K.......
.......@...####...
#####.....##
#.###.# #. #... .
#.### .# #.# .#
#.# .# ...


You could see Pikel (poisoned).

Vanquished Creatures
  A phantom (D:4)
  4 lemures (D:4)
  An orc priest (D:4)
  An orc wizard (D:4)
  A howler monkey skeleton (D:5)
  3 adders
  3 worms
  2 dart slugs (D:2)
  5 orcs (D:4)
  3 ball pythons
  7 endoplasms
  4 giant cockroaches
  12 goblins
  10 hobgoblins
  7 jackals
  2 kobolds
  5 quokkas
  3 bats
  5 frilled lizards
  5 rats
84 creatures vanquished.

Vanquished Creatures (others)
  An ufetubus (D:5)
  An orc (D:5)
  6 plants (D:3)
8 creatures vanquished.

Grand Total: 92 creatures vanquished

Notes
Turn   | Place    | Note
-------+----------+-------------------------------------------
     0 | D:1      | pkoi the Minotaur Hunter began the quest for the Orb.
     0 | D:1      | Reached XP level 1. HP: 18/18 MP: 0/0
    38 | D:1      | Reached skill level 1 in Stealth
   186 | D:1      | Reached XP level 2. HP: 16/25 MP: 1/1
   622 | D:1      | Reached skill level 5 in Bows
  1110 | D:1      | Reached XP level 3. HP: 30/30 MP: 2/2
  2563 | D:2      | Reached XP level 4. HP: 37/37 MP: 3/3
  2587 | D:2      | Found a shimmering blue altar of Sif Muna.
  2800 | D:3      | Found a faded altar of an unknown god.
  2984 | D:3      | Found a transporter.
  3027 | D:3      | Found Votac's Jewellery Emporium.
  3335 | D:3      | Noticed JerBear56's ghost (amateur GnFi)
  3359 | D:3      | Found a transporter.
  3554 | D:4      | Gained mutation: Your muscles are strong. (Str +2) [potion
                  | of mutation]
  3554 | D:4      | Gained mutation: Your system is resistant to poisons.
                  | (rPois) [potion of mutation]
  3554 | D:4      | Gained mutation: Your muscles are very strong. (Str +4)
                  | [potion of mutation]
  4037 | D:4      | Noticed a phantom
  4045 | D:4      | Killed a phantom
  4046 | D:4      | Reached skill level 6 in Bows
  4046 | D:4      | Reached XP level 5. HP: 37/42 MP: 4/4
  4100 | D:4      | Found a hazy altar of Hepliaklqana.
  4264 | D:4      | Reached skill level 1 in Evocations
  4524 | D:5      | Entered Level 5 of the Dungeon
  4533 | D:5      | Noticed a lemure
  4534 | D:5      | Noticed Pikel
  4534 | D:5      | Noticed a lemure
  4534 | D:5      | Noticed a lemure
  4534 | D:5      | Noticed an ice beast
  4930 | D:5      | Noticed a lemure
  5270 | D:5      | Reached XP level 6. HP: 50/50 MP: 5/5
  5701 | D:5      | Killed from afar by Pikel

Illustrated notes

Levels and vault maps discovered:
D:1:      dpeg_arrival_pits, layout_loops_corners, minmay_crystal_room
D:2:      layout_basic, basic_altar, uniq_crazy_yiuf_cottage
D:3:      layout_basic, serial_shops, shop, nicolae_ecumenical_oubliette,
          gammafunk_ghost_gnarly_gnolls
D:4:      layout_loops_corners, mainiacjoe_overflow_alcove_4
D:5:      layout_loops_ring, lemuel_crystal_altar, uniq_eustachio, uniq_pikel

Skill      XL: |  1  2  3  4  5 |
---------------+----------------+-----
Stealth        | 1 2 |  2.6
Bows           | 5 6 |  6.4
Dodging        | 3 |  3.3
Evocations     | 1 |  1.3
Fighting       | |  2.4

Action                   |  1- 3 |  4- 6 || total
-------------------------+-------+-------++-------
Melee: Short sword       |    91 |     8 ||    99
       Headbutt          |    19 |    10 ||    29
       Punch             |     3 |     2 ||     5
       Mace              |       |    82 ||    82
 Fire: Shortbow          |    16 |    22 ||    38
  Use: Scroll            |     3 |     3 ||     6
       Potion            |       |     4 ||     4
 Stab: Sleeping          |     2 |     5 ||     7
Armor: Leather armour    |    17 |    29 ||    46
Dodge: Dodged            |    56 |    70 ||   126
